 Dungeon Crawl Stone Soup version 0.23.2 (webtiles) character file.

Game seed: 6264560387040036956

1604 Borgoz the Cutter (level 8, -4/49 HPs)
             Began as a Gargoyle Gladiator on Apr 12, 2019.
             Was an Initiate of Ashenzari.
             Slain by a bog mummy (9 damage)
             ... in an ossuary.
             The game lasted 00:08:18 (4978 turns).

Borgoz the Cutter (Gargoyle Gladiator)              Turns: 4978, Time: 00:08:19

Health: -4/49      AC: 12    Str: 18 (19) XL:     8   Next: 94%
Magic:  9/9        EV: 14    Int:  7 (8)  God:    Ashenzari [......]
Gold:   243        SH:  0    Dex: 11 (13) Spells: 7/7 levels left

rFire    . . .     SeeInvis +   a - +0 rapier
rCold    . . .     Gourm    .   (no shield)
rNeg     + . .     Faith    .   b - +0 leather armour
rPois    ∞         Spirit   .   q - +2 hat
rElec    +         Reflect  .   (no cloak)
rCorr    +         Harm     .   r - +0 pair of gloves
MR       .....                  (no boots)
Stlth    ++........             (no amulet)
HPRegen  0.16/turn              l - ring of resist corrosion
MPRegen  0.11/turn              u - ring of see invisible

@: no status effects
A: negative energy resistance 1, electricity resistance, unbreathing,
petrification resistance, rot immunity, AC +5
a: Curse Item, Renounce Religion


You were in an ossuary.
You worshipped Ashenzari.
Ashenzari was noncommittal.
You were not hungry.

You visited 2 branches of the dungeon, and saw 7 of its levels.
You also visited: Ossuary.

You collected 243 gold pieces.

Inventory:

Hand Weapons
 a - a +0 rapier (weapon)
Armour
 b - a +0 leather armour (worn)
 q - a +2 hat (worn)
 r - a +0 pair of gloves (worn)
Jewellery
 l - a ring of resist corrosion (left hand)
 s - a cursed +2 amulet of reflection
 u - a ring of see invisible (right hand)
Wands
 e - a wand of random effects (13)
Scrolls
 c - a scroll of amnesia
 h - 2 scrolls of magic mapping
 j - a scroll of enchant armour {unknown}
 n - 2 scrolls of remove curse
 o - a scroll of blinking {unknown}
 v - a scroll of enchant weapon {unknown}
Potions
 i - a potion of haste
 m - a potion of brilliance
 x - a potion of mutation
Comestibles
 f - 8 rations


   Skills:
 + Level 5.0 Fighting
 * Level 6.1 Short Blades
 - Level 1.7 Throwing
 + Level 4.3 Armour
 * Level 5.6 Dodging
 - Level 3.0 Stealth
 + Level 1.4 Evocations


You had 7 spell levels left.
You didn't know any spells.
Your spell library contained the following spells:

 Spells                   Type           Power        Failure   Level  Hunger
 Sting                    Conj/Pois      #...         50%         1    ##.....
 Poisonous Vapours        Pois/Air       #.....       63%         2    ###....
 Mephitic Cloud           Conj/Pois/Air  #.......     86%         3    ####...
 Olgreb's Toxic Radiance  Pois           #.......     99%         4    #####..
 Venom Bolt               Conj/Pois      #.........   100%        5    ######.


Dungeon Overview and Level Annotations

Branches:
Dungeon (6/15)             Temple (1/1) D:4

Altars:
Ashenzari
Dithmenos
Elyvilon
Fedhas
Gozag
Hepliaklqana
Kikubaaqudgha
Makhleb
Nemelex Xobeh
Okawaru
Qazlal
Ru
Sif Muna
Trog
Uskayaw
Vehumet
Wu Jian
Xom
Yredelemnul
Zin
The Shining One

Annotations:
D:4 2 transporters, aelisj's ghost, amateur DrBe


Innate Abilities, Weirdness & Mutations

You are resistant to torment.
Your stone body is resilient. (AC +5)
You are immune to poison.
You resist negative energy. (rN+)
You are resistant to electric shocks. (rElec)
You can survive without breathing.
You are immune to petrification.
You are immune to rotting.


Message History

The bog mummy is moderately damaged.
The bog mummy hits you!
* * * LOW HITPOINT WARNING * * *
You barely miss the bog mummy.
The bog mummy is moderately damaged.
Okay, then.
Okay, then.
Evoke which item? (* to show all) (? for menu, Esc to quit)
Okay, then.
You hit the bog mummy but do no damage.
The bog mummy is moderately damaged.
The bog mummy misses you.
You hit the bog mummy.
The bog mummy is moderately damaged.
Evoke which item? (* to show all) (? for menu, Esc to quit)
Okay, then.
As you read the scroll labeled LOREOD HODWIE, it crumbles to dust.
It is a scroll of amnesia.
You feel forgetful for a moment. The bog mummy hits you!
You die...

### #@#
#'#+#+#M#
........+
#.#####.###
#...#.'.#
#.∩.'.###
#∩..#.'.#
#####.###
#.'.'


You could see a bog mummy.

Vanquished Creatures
  2 hornet zombies (Ossuary)
  2 ice beasts (D:5)
  An ogre (D:5)
  A bullfrog (D:4)
  A wyvern zombie (Ossuary)
  2 howler monkeys
  2 centaur zombies (Ossuary)
  A bullfrog zombie (Ossuary)
  A jelly (D:4)
  2 orc priests (D:3)
  2 hounds
  2 orc wizards (D:3)
  2 bullfrog skeletons
  A centaur skeleton (D:4)
  An iguana (D:5)
  Natasha (twice) (D:3)
  A worker ant (D:5)
  5 hound zombies
  A howler monkey zombie (Ossuary)
  8 mummies (Ossuary)
  2 worker ant zombies (Ossuary)
  12 adders
  An adder skeleton (D:5)
  An adder zombie (D:6)
  A worm (D:3)
  2 dart slugs
  2 leopard geckos
  18 orcs
  A giant cockroach (D:2)
  5 goblins
  3 hobgoblins
  10 jackals
  3 quokkas
  7 bats
  A frilled lizard (D:5)
  6 kobolds
  A quokka skeleton (D:4)
  8 rats
124 creatures vanquished.

Vanquished Creatures (others)
  A withered plant (Ossuary)
1 creature vanquished.

Grand Total: 125 creatures vanquished

Notes
Turn   | Place    | Note
-------+----------+-------------------------------------------
     0 | D:1      | Borgoz the Gargoyle Gladiator began the quest for the Orb.
     0 | D:1      | Reached XP level 1. HP: 12/12 MP: 1/1
   474 | D:1      | Reached XP level 2. HP: 17/17 MP: 2/2
   870 | D:2      | Reached skill level 3 in Short Blades
   870 | D:2      | Reached XP level 3. HP: 7/22 MP: 3/3
  1160 | D:2      | Reached skill level 1 in Stealth
  1309 | D:2      | Reached skill level 1 in Armour
  1377 | D:2      | Reached XP level 4. HP: 27/27 MP: 4/4
  1940 | D:3      | Reached XP level 5. HP: 28/32 MP: 5/5
  2392 | D:3      | Reached XP level 6. HP: 37/37 MP: 6/6
  2416 | D:3      | Noticed Natasha
  2427 | D:3      | Killed Natasha
  2427 | D:3      | Reached skill level 4 in Short Blades
  2570 | D:3      | Noticed Natasha
  2588 | D:3      | Killed Natasha
  3216 | D:4      | Found a staircase to the Ecumenical Temple.
  3237 | Temple   | Entered the Ecumenical Temple
  3244 | Temple   | Became a worshipper of Ashenzari the Shackled
  3422 | D:4      | Reached XP level 7. HP: 33/41 MP: 7/7
  3513 | D:4      | Found a transporter.
  3515 | D:4      | Noticed aelisj's ghost (amateur DrBe)
  3534 | D:4      | Found a transporter.
  3572 | D:4      | Found a glowing golden altar of the Shining One.
  3736 | D:5      | Entered Level 5 of the Dungeon
  4038 | D:5      | Reached skill level 5 in Short Blades
  4122 | D:5      | Reached XP level 8. HP: 32/48 MP: 8/8
  4761 | D:6      | Found a sand-covered staircase.
  4765 | Ossuary  | Entered an ossuary
  4790 | Ossuary  | Reached skill level 5 in Dodging
  4885 | Ossuary  | Reached skill level 1 in Evocations
  4921 | Ossuary  | Reached skill level 6 in Short Blades
  4972 | Ossuary  | Reached skill level 5 in Fighting
  4978 | Ossuary  | Slain by a bog mummy

Skill      XL: |  1  2  3  4  5  6  7  8 |
---------------+-------------------------+-----
Short Blades   | 3 4 5 6 |  6.1
Stealth        | 1 2 3 |  3.0
Armour         | 1 2 3 4 |  4.3
Dodging        | 3 4 5 |  5.6
Fighting       | 3 4 5 |  5.0
Evocations     | 1 |  1.4
Throwing       | |  1.7

Action                   |  1- 3 |  4- 6 |  7- 9 || total
-------------------------+-------+-------+-------++-------
Melee: Rapier            |    95 |   238 |   300 ||   633
Throw: Throwing net      |     3 |     3 |     2 ||     8
Evoke: Wand              |       |       |     1 ||     1
  Use: Potion            |       |     2 |     4 ||     6
       Scroll            |       |       |     9 ||     9
 Stab: Sleeping          |       |     4 |     4 ||     8
       Held in net/web   |       |       |     1 ||     1
  Eat: Chunk             |     2 |     5 |     7 ||    14
Armor: Leather armour    |    49 |    91 |    93 ||   233
Dodge: Dodged            |    63 |   140 |   184 ||   387
